 Dungeon Crawl Stone Soup version 0.26-a0-466-g989023bd0d (webtiles) character file.

Game seed: 11645415953516768396

11274 xeke the Grappler (level 11, -3/105 HPs)
             Began as a Troll Delver on Aug 12, 2020.
             Was a High Priest of Cheibriados.
             Slain by a seven-headed hydra (15 damage)
             ... on level 11 of the Dungeon.
             The game lasted 00:28:56 (8635 turns).

xeke the Grappler (Troll Delver)                    Turns: 8635, Time: 00:28:57

Health: -3/105     AC:  9    Str: 38    XL:     11   Next: 47%
Magic:  9/15       EV: 10    Int: 17    God:    Cheibriados [*****.]
Gold:   673        SH:  0    Dex: 22    Spells: 11/16 levels left

rFire    . . .     SeeInvis .   y - +7 mace "Hoet" {venom, Str+2}
rCold    . . .     Faith    .   (no shield)
rNeg     . . .     Spirit   .   I - +1 troll leather armour
rPois    .         Reflect  .   (helmet restricted)
rElec    +         Harm     .   (no cloak)
rCorr    .         Clarity  +   (gloves unavailable)
MR       +....                  (boots unavailable)
Stlth    +++.......             A - amulet of the acrobat
HPRegen  1.07/turn              F - ring of wizardry
MPRegen  0.14/turn              i - ring of stealth

@: very slow
A: large, unfitting armour, claws 3, clarity, magic resistance 1, regeneration
1, screaming 1, shaggy fur 1, electricity resistance, tough skin 3
a: Bend Time, Temporal Distortion, Slouch, Step From Time, Renounce Religion


You were on level 11 of the Dungeon.
You worshipped Cheibriados.
Cheibriados was extremely pleased with you.
You visited 2 branches of the dungeon, and saw 12 of its levels.

You collected 673 gold pieces.

Inventory:

Hand Weapons
 q - a +3 morningstar of holy wrath
 y - the +7 mace "Hoet" (weapon) {venom, Str+2}
   (You found it on level 6 of the Dungeon)

   It poisons the flesh of those it strikes.
   It affects your strength (+2).
Missiles
 k - 3 large rocks
 u - 10 poisoned darts
 v - 17 boomerangs (quivered)
Armour
 I - a +1 troll leather armour (worn)
Jewellery
 i - a ring of stealth (right claw)
 r - an uncursed ring of ice
 A - an amulet of the acrobat (around neck)
 D - a +6 ring of intelligence
 F - a ring of wizardry (left claw)
Wands
 f - a wand of digging (7)
 w - a wand of flame (14)
Scrolls
 a - a scroll of noise {unknown}
 b - a scroll of fog
 c - 2 scrolls of magic mapping
 d - a scroll of fear
 h - 3 scrolls of amnesia
 m - 2 scrolls of enchant weapon
 s - 6 scrolls of teleportation
 t - a scroll of remove curse
 C - 2 scrolls of immolation
 E - 3 scrolls of identify
Potions
 e - 2 potions of haste
 g - 9 potions of curing
 j - 4 potions of stabbing
 l - 5 potions of heal wounds
 n - a potion of might
 o - 3 potions of berserk rage
 p - 3 potions of flight
 z - a potion of lignification
 B - a potion of magic
 H - 2 potions of mutation


   Skills:
 * Level 5.8 Fighting
 + Level 4.1 Throwing
 * Level 4.6 Armour
 - Level 1.6 Dodging
 - Level 2.7 Stealth
 + Level 11.7 Unarmed Combat
 - Level 3.4 Spellcasting
 - Level 3.8 Hexes
 * Level 5.3 Invocations


You had 11 spell levels left.
You knew the following spells:

 Your Spells              Type           Power        Failure   Level
a - Ensorcelled Hibernat  Hex/Ice        #.....       4%          2
b - Confusing Touch       Hex            ###.....     4%          3

Your spell library contained the following spells:

 Spells                   Type           Power        Failure   Level
 Corona                   Hex            ###....      1%          1
 Tukima's Dance           Hex            ###.....     4%          3
 Dazzling Flash           Conj/Hex       #.....       10%         3


Dungeon Overview and Level Annotations

Branches:
Dungeon (11/15)            Temple (1/1) D:4            Lair (0/6) D:11
    Orc (0/2) D:10

Altars:
Ashenzari
Cheibriados
Dithmenos
Elyvilon
Fedhas
Gozag
Hepliaklqana
Kikubaaqudgha
Makhleb
Nemelex Xobeh
Okawaru
Qazlal
Ru
Sif Muna
Trog
Uskayaw
Vehumet
Wu Jian
Xom
Yredelemnul
Zin
The Shining One

Annotations:
D:4 2 transporters, p0werm0de's ghost, amateur DDFi
D:6 exclusion: 2 downstairs
D:7 1 runed translucent door, exclusion: downstairs, night's ghost, novice SpCj
D:10 5 runed translucent doors


Innate Abilities, Weirdness & Mutations

You are too large for most types of armour.
You have claws for hands.
Your natural rate of healing is unusually fast.
You are covered in fur. (AC +1)
You have extremely tough skin. (AC +3)
You possess an exceptional clarity of mind.
You are resistant to hostile enchantments. (MR+)
You occasionally shout uncontrollably at your foes.
You are resistant to electric shocks. (rElec)


Message History

You sock the seven-headed hydra!
The seven-headed hydra is severely wounded.
The bullfrog closely misses you. The seven-headed hydra bites you. x2
The seven-headed hydra bites you but does no damage.
The seven-headed hydra bites you. The seven-headed hydra bites you!
* * * LOW HITPOINT WARNING * * *
The seven-headed hydra bites you but does no damage.
The seven-headed hydra bites you!
* * * LOW HITPOINT WARNING * * *
You sock the seven-headed hydra!
The seven-headed hydra is almost dead.
The bullfrog hits you but does no damage.
The seven-headed hydra bites you but does no damage.
The seven-headed hydra closely misses you.
The seven-headed hydra bites you but does no damage.
The seven-headed hydra barely misses you.
The seven-headed hydra bites you.
* * * LOW HITPOINT WARNING * * *
The seven-headed hydra bites you!
You die...

..........≈≈≈≈≈....###(...
...........≈≈≈.....# #(...
...................###.)..
........................(.
........................).
........................<.
.......................)[.
........................
.......@.........###....
.......FD≈≈≈.....# #....
........≈≈≈≈≈....###....
...≈≈≈..≈≈≈≈≈....[......
...≈≈≈..≈≈≈≈≈...........
...≈≈≈...≈≈≈............
........................
.#......................
............


You could see a seven-headed hydra (slow) and a bullfrog (slow).

Vanquished Creatures
  Erolcha (D:9)
  A centaur warrior (D:11)
  4 two-headed ogres
  2 cyclopes (D:11)
  2 gargoyles
  2 trolls
  3 hippogriffs
  A shadow (D:11)
  Sigmund (D:7)
  A vampire (D:11)
  A water elemental (D:11)
  2 steam dragons
  A sky beast (D:7)
  An ice beast (D:9)
  3 orc warriors
  3 phantoms
  An eye of draining (D:10)
  5 ogres
  A crocodile (D:11)
  10 centaurs
  4 bullfrogs
  A water moccasin zombie (D:6)
  7 wights
  3 electric eels (D:11)
  3 howler monkeys
  3 bullfrog zombies
  2 centaur zombies
  2 jellies
  2 orc priests
  A bullfrog skeleton (D:9)
  7 hounds
  13 orc wizards
  4 iguanas
  5 worker ants
  A killer bee zombie (D:9)
  A hound skeleton (D:4)
  2 hound zombies
  A howler monkey zombie (D:5)
  A gnoll (D:7)
  8 adders
  3 shadow imps
  A white imp (D:5)
  An ufetubus (D:7)
  An adder zombie (D:10)
  3 adder skeletons
  3 worms
  41 orcs
  A ball python (D:4)
  2 bats
  15 giant cockroaches
  6 goblins
  7 hobgoblins
  3 jackals
  4 kobolds
  3 quokkas
  4 frilled lizards
  A giant cockroach zombie (D:5)
  A jackal skeleton (D:8)
  2 jackal zombies
  A leopard gecko skeleton (D:4)
  2 quokka skeletons (D:4)
  A quokka zombie (D:3)
  6 rats
229 creatures vanquished.

Vanquished Creatures (others)
  A dart slug (D:1)
  6 plants (D:4)
7 creatures vanquished.

Grand Total: 236 creatures vanquished

Notes
Turn   | Place    | Note
-------+----------+-------------------------------------------
     0 | D:5      | xeke the Troll Delver began the quest for the Orb.
     0 | D:5      | Reached XP level 1. HP: 22/22 MP: 0/0
     4 | D:5      | Found a sacrificial altar of Ru.
     7 | D:5      | Noticed a worker ant
    76 | D:4      | Noticed a gnoll shaman
   118 | D:4      | Found a transporter.
   139 | D:4      | Found a staircase to the Ecumenical Temple.
   139 | D:4      | Noticed a hound
   148 | D:4      | Killed a hound
   148 | D:4      | Reached XP level 2. HP: 31/31 MP: 1/1
   148 | D:4      | Reached XP level 3. HP: 37/37 MP: 2/2
   153 | Temple   | Entered the Ecumenical Temple
   241 | Temple   | Became a worshipper of Cheibriados the Contemplative
   315 | D:4      | Reached skill level 3 in Unarmed Combat
   322 | D:4      | Reached XP level 4. HP: 29/45 MP: 3/3
   461 | D:4      | Reached skill level 1 in Invocations
   537 | D:4      | Reached XP level 5. HP: 53/53 MP: 4/4
   723 | D:1      | Reached * piety under Cheibriados
  1413 | D:2      | Reached skill level 4 in Unarmed Combat
  1492 | D:2      | Found an iron altar of Okawaru.
  1915 | D:3      | Reached ** piety under Cheibriados
  2524 | D:4      | Learned a level 2 spell: Ensorcelled Hibernation
  2788 | D:4      | Found a transporter.
  2822 | D:4      | Noticed p0werm0de's ghost (amateur DDFi)
  2983 | D:5      | Reached XP level 6. HP: 53/62 MP: 6/6
  3071 | D:5      | Reached skill level 5 in Unarmed Combat
  3762 | D:6      | Found a shadowy altar of Dithmenos.
  3888 | D:6      | Reached skill level 6 in Unarmed Combat
  3903 | D:6      | Reached XP level 7. HP: 57/68 MP: 7/7
  4265 | D:6      | Reached *** piety under Cheibriados
  4265 | D:6      | Reached skill level 1 in Throwing
  4354 | D:6      | Got a bloodstained mace
  4356 | D:6      | Identified the +7 mace "Hoet" {venom, Str+2} (You found it
                  | on level 6 of the Dungeon)
  4363 | D:6      | Gained mutation: You occasionally shout uncontrollably at
                  | your foes. [potion of mutation]
  4363 | D:6      | Gained mutation: You are dopey. (Int -2) [potion of
                  | mutation]
  4363 | D:6      | Gained mutation: You are resistant to hostile enchantments.
                  | (MR+) [potion of mutation]
  4508 | D:7      | Reached skill level 7 in Unarmed Combat
  4516 | D:7      | Was placed under penance by Cheibriados
  4516 | D:7      | HP: 2/70 [wight/+4 halberd (15)]
  4667 | D:7      | Reached XP level 8. HP: 29/78 MP: 7/9
  4803 | D:7      | Was forgiven by Cheibriados
  4856 | D:7      | Found a runed translucent door.
  4856 | D:7      | Noticed night's ghost (novice SpCj)
  4919 | D:7      | Noticed Sigmund
  4929 | D:7      | Killed Sigmund
  4929 | D:7      | Reached skill level 8 in Unarmed Combat
  5318 | D:7      | Reached skill level 9 in Unarmed Combat
  5354 | D:7      | Found a shadowy altar of Dithmenos.
  5354 | D:7      | Found a burning altar of Makhleb.
  5354 | D:7      | Found a sacrificial altar of Ru.
  5569 | D:8      | Noticed a two-headed ogre
  5802 | D:8      | Reached XP level 9. HP: 79/85 MP: 10/10
  6027 | D:8      | Learned a level 3 spell: Confusing Touch
  6086 | D:8      | Killed a two-headed ogre
  6086 | D:8      | Reached skill level 10 in Unarmed Combat
  6445 | D:9      | Reached skill level 1 in Hexes
  6446 | D:9      | Reached **** piety under Cheibriados
  6461 | D:9      | Reached skill level 1 in Spellcasting
  6473 | D:9      | Reached skill level 5 in Fighting
  6533 | D:9      | Noticed Erolcha
  6540 | D:9      | Found a bloodstained altar of Trog.
  6658 | D:9      | Killed Erolcha
  6658 | D:9      | Reached XP level 10. HP: 56/96 MP: 6/12
  6839 | D:9      | Noticed a two-headed ogre
  6851 | D:9      | Killed a two-headed ogre
  6851 | D:9      | Reached skill level 1 in Armour
  7031 | D:9      | Lost mutation: You are resistant to hostile enchantments.
                  | (MR+) [potion of mutation]
  7031 | D:9      | Lost mutation: You are dopey. (Int -2) [potion of mutation]
  7031 | D:9      | Gained mutation: You possess an exceptional clarity of
                  | mind. [potion of mutation]
  7031 | D:9      | Gained mutation: You are resistant to hostile enchantments.
                  | (MR+) [potion of mutation]
  7031 | D:9      | Gained mutation: You are resistant to electric shocks.
                  | (rElec) [potion of mutation]
  7060 | D:10     | Entered Level 10 of the Dungeon
  7104 | D:10     | Noticed a two-headed ogre
  7121 | D:10     | Killed a two-headed ogre
  7261 | D:10     | Found a staircase to the Orcish Mines.
  7424 | D:10     | Found the +9 staff of Olgreb {rPois∞}
  7433 | D:10     | Found a runed translucent door.
  7438 | D:10     | Found a runed translucent gate.
  7438 | D:10     | Found a runed translucent gate.
  7439 | D:10     | Found a runed translucent door.
  7572 | D:10     | Found a runed translucent gate.
  7729 | D:11     | Noticed a gargoyle
  7742 | D:10     | Killed a gargoyle
  7910 | D:11     | Reached skill level 11 in Unarmed Combat
  7939 | D:11     | Noticed a two-headed ogre
  7956 | D:11     | Noticed a gargoyle
  7959 | D:11     | Reached ***** piety under Cheibriados
  7962 | D:11     | Killed a gargoyle
  7962 | D:11     | Reached XP level 11. HP: 74/104 MP: 15/15
  7978 | D:11     | Noticed a centaur warrior
  7985 | D:11     | Killed a centaur warrior
  8187 | D:11     | Killed a two-headed ogre
  8187 | D:11     | Reached skill level 5 in Invocations
  8327 | D:11     | Found a staircase to the Lair.
  8626 | D:11     | Noticed a seven-headed hydra
  8635 | D:11     | Slain by a seven-headed hydra

Illustrated notes

Levels and vault maps discovered:
D:1:      lordsloth_arrival_two_stooges, layout_loops_ring, lemuel_old_faithful
D:2:      minmay_roachtagon, layout_basic, old_standard_altar,
          minmay_worlds_worst_comb
D:3:      layout_loops_ring
D:4:      layout_loops_corners, minmay_temple_entry_slanted,
          gammafunk_ghost_gnarly_gnolls
D:5:      layout_basic, basic_altar, hangedman_decor_push
D:6:      layout_layer_cave, grunt_dithmenos_smoke_and_mirrors
D:7:      layout_loops_ring, gammafunk_temple_overflow_claw,
          hellmonk_ghost_happy_afterlife, sigmund_army
D:8:      layout_cave_pools
D:9:      layout_rooms, trog_three_pillars_becter, uniq_erolcha
D:10:     layout_stronghold, orc_0_dummy, minmay_guarded_unrand_staff_of_olgreb
D:11:     layout_big_octagon, minmay_misc_feat_x, kennysheep_diamond, uniq_urug
Temple:   compressed_dpeg_circular_temple

Skill      XL: |  1  2  3  4  5  6  7  8  9 10 11 |
---------------+----------------------------------+-----
Fighting       | 3 4 5 |  5.8
Unarmed Combat | 3 4 6 7 9 10 11 | 11.7
Invocations    | 1 2 3 4 5 |  5.3
Throwing       | 1 3 4 |  4.1
Hexes          | 2 3 |  3.8
Spellcasting   | 2 3 |  3.4
Armour         | 3 4 |  4.6
Dodging        | |  1.6
Stealth        | |  2.7

Action                   |  1- 3 |  4- 6 |  7- 9 | 10-12 || total
-------------------------+-------+-------+-------+-------++-------
Melee: Unarmed           |    33 |   177 |   189 |   145 ||   544
       Punch             |       |     6 |    13 |    12 ||    31
       Mace              |       |       |       |     3 ||     3
Throw: Dart              |       |    17 |    40 |    29 ||    86
       Boomerang         |       |       |    20 |    38 ||    58
 Cast: Confusing Touch   |       |       |     1 |     3 ||     4
Invok: Bend Time         |       |       |     5 |     2 ||     7
       Slouch            |       |       |       |     1 ||     1
  Use: Scroll            |       |       |    17 |     5 ||    22
       Potion            |       |       |     5 |     2 ||     7
 Stab: Sleeping          |       |    23 |     3 |     4 ||    30
       Distracted        |       |     1 |     1 |       ||     2
       Confused          |       |       |       |     3 ||     3
Armor: Robe              |    11 |    47 |    42 |     1 ||   101
       Troll leather arm |       |       |       |    51 ||    51
Dodge: Dodged            |     6 |    75 |   107 |   113 ||   301

Table legend: (Time is in decaauts)
 A = Elapsed time spent in this place.
 B = Non-inter-level travel time spent in this place.
 C = Inter-level travel time spent in this place.
 D = Time resting spent in this place.
 E = Time spent auto-exploring this place.
 F = Levels seen in this place.
 G = Mean time per level.
                   A        B        C        D        E       F      G
               +--------+--------+--------+--------+--------+-----+--------+
         Total |  11841 |  11090 |    751 |   1053 |   7839 |  12 |  986.8 |
       Dungeon |  11721 |  11000 |    721 |   1053 |   7767 |  11 | 1065.5 |
        Temple |    119 |     89 |     30 |      0 |     72 |   1 |  119.0 |
               +--------+--------+--------+--------+--------+-----+--------+

Top non-repeatable levels by time:
     D:7: 1494 daAuts
    D:10: 1301 daAuts
     D:6: 1165 daAuts
     D:4: 1146 daAuts
     D:5: 1115 daAuts
    D:11: 1003 daAuts
     D:8: 947 daAuts
     D:3: 937 daAuts
     D:9: 900 daAuts
     D:2: 865 daAuts
     D:1: 842 daAuts
  Temple: 119 daAuts
